 Dungeon Crawl Stone Soup version 0.23.0-3-gf3c87f2df8 (webtiles) character file.

Game seed: 5089081833842278566

2151 McKennaii the Basher (level 9, -2/55 HPs)
             Began as a Gargoyle Fighter on Feb 23, 2019.
             Killed from afar by Maurice (16 damage)
             ... with a wand of acid (4)
             ... on level 9 of the Dungeon.
             The game lasted 00:14:04 (5840 turns).

McKennaii the Basher (Gargoyle Fighter)             Turns: 5840, Time: 00:14:05

Health: -2/55      AC: 17    Str: 23    XL:     9   Next: 31%
Magic:  9/9        EV:  9    Int:  9    God:
Gold:   302        SH: 10    Dex:  9    Spells: 8/8 levels left

rFire    . . .     SeeInvis +   a - +1 flail
rCold    . . .     Gourm    .   c - +0 shield
rNeg     + . .     Faith    .   b - +0 scale mail
rPois    ∞         Spirit   .   (no helmet)
rElec    +         Reflect  .   y - +1 cloak
rCorr    .         Harm     .   (no gloves)
MR       .....                  e - +0 pair of boots
Stlth    ..........             r - amulet of the acrobat
HPRegen  0.18/turn              o - ring of see invisible
MPRegen  0.11/turn              q - ring of wizardry

@: about to teleport
A: negative energy resistance 1, electricity resistance, unbreathing,
petrification resistance, rot immunity, AC +6
a: no special abilities


You were on level 9 of the Dungeon.
You were hungry.

You visited 1 branch of the dungeon, and saw 8 of its levels.

You collected 302 gold pieces.

Inventory:

Hand Weapons
 a - a +1 flail (weapon)
Armour
 b - a +0 scale mail (worn)
 c - a +0 shield (worn)
 e - a +0 pair of boots (worn)
 y - a +1 cloak (worn)
Jewellery
 o - a ring of see invisible (left hand)
 q - a ring of wizardry (right hand)
 r - an amulet of the acrobat (around neck)
Wands
 m - a wand of iceblast (5)
 x - a wand of polymorph (6)
 C - a wand of flame (17)
Scrolls
 h - a scroll of fear
 k - a scroll of magic mapping
 n - a scroll of teleportation
 p - 3 scrolls of remove curse
 s - 4 scrolls of identify {unknown}
 t - a scroll of blinking {unknown}
 w - a scroll of amnesia
 A - a scroll of holy word {unknown}
Potions
 d - a potion of might
 g - 2 potions of brilliance
 i - a potion of haste
 j - a potion of heal wounds {unknown}
 l - a potion of cancellation
 u - 2 potions of ambrosia {unknown}
 v - 2 potions of agility
 z - a potion of curing {unknown}
 B - a potion of lignification {unknown}
 D - 2 potions of degeneration {unknown}
Comestibles
 f - 23 rations


   Skills:
 + Level 6.0 Fighting
 + Level 8.3 Maces & Flails
 + Level 6.0 Armour
 + Level 2.4 Dodging
 + Level 0.7 Stealth
 + Level 6.3 Shields
 + Level 0.7 Evocations


You had 8 spell levels left.
You didn't know any spells.
Your spell library contained the following spells:

 Spells                   Type           Power        Failure   Level  Hunger
 Sandblast                Erth           #.....       71%         1    ##.....
 Passwall                 Tmut/Erth      #.......     85%         2    ###....
 Stone Arrow              Conj/Erth      #.....       96%         3    ####...
 Petrify                  Tmut/Erth      #.......     100%        4    #####..
 Lee's Rapid Deconstruct  Erth           #.........   100%        5    ######.


Dungeon Overview and Level Annotations

Branches:
Dungeon (9/15)
 Temple: D:4-7         Lair: D:8-11         Orc: D:9-12

Altars:
Dithmenos
Qazlal
Ru
Xom
Yredelemnul
The Shining One

Annotations:
D:4 2 transporters, EnegeticOcto's ghost, amateur MiFi
D:8 Harold
D:9 Maurice


Innate Abilities, Weirdness & Mutations

You are resistant to torment.
Your stone body is resilient. (AC +6)
You are immune to poison.
You resist negative energy. (rN+)
You are resistant to electric shocks. (rElec)
You can survive without breathing.
You are immune to petrification.
You are immune to rotting.


Message History

A yak, a necrophage and Maurice come into view.
Maurice is wielding a +4 dagger of pain.
The yak bellows!
Maurice zaps a wand.
The bolt of acid misses you. You block the yak's attack.
Found 16 gold pieces.
You thump the yak!
The yak is moderately wounded.
Maurice zaps a wand.
The bolt of acid hits you but does no damage.
You are splashed with acid!
The yak gores you.
You hit the yak.
The yak is moderately wounded.
Maurice zaps a wand.
The bolt of acid hits you!
You are splashed with acid!
* * * LOW HITPOINT WARNING * * *
You are too injured to fight recklessly!
Unknown command.
As you read the scroll of teleportation, it crumbles to dust.
You feel strangely unstable. The yak gores you but does no damage.
Maurice zaps a wand.
The bolt of acid hits you!
You die...

##.###.......##### #
..#..##.....#..# .##.
....###..P.##..# ...@#
##..# #.....##'# #.$..
##..###....##... #.....
##...##.....'....
#..#..##...#.......')...
#........####......##...
...n..Y@## #.......##'#
......Y## ##..P..##..#
#....Y. ###†......#..#
#..Y..# #........#####
#....# #..#####..# ..##.
##. ##.## . # # #<.#
#.### #.#


You could see Maurice, 4 yaks and a necrophage.

Vanquished Creatures
  Pikel (D:6)
  Sigmund (D:6)
  Menkaure (D:6)
  A necrophage (D:9)
  4 centaurs
  A big kobold (D:9)
  3 bullfrogs
  A gnoll sergeant (D:6)
  A scorpion (D:5)
  A howler monkey (D:2)
  A bullfrog zombie (D:6)
  A crimson imp (D:9)
  A hound (D:5)
  A jelly (D:9)
  An orc priest (D:9)
  An iguana (D:9)
  4 orc wizards
  3 worker ants
  3 gnolls (D:6)
  8 adders
  3 worms
  11 dart slugs
  A leopard gecko (D:3)
  11 orcs
  4 bats
  2 giant cockroaches
  5 goblins
  10 hobgoblins
  3 jackals (D:2)
  5 kobolds
  A quokka (D:6)
  A ball python (D:5)
  6 frilled lizards
  A quokka skeleton (D:4)
  7 rats
  A spectral orc (D:5)
111 creatures vanquished.

Vanquished Creatures (others)
  An orc wizard (D:5)
  A gnoll (D:6)
2 creatures vanquished.

Grand Total: 113 creatures vanquished

Notes
Turn   | Place    | Note
-------+----------+-------------------------------------------
     0 | D:1      | McKennaii the Gargoyle Fighter began the quest for the Orb.
     0 | D:1      | Reached XP level 1. HP: 14/14 MP: 1/1
   117 | D:1      | Reached XP level 2. HP: 17/19 MP: 2/2
   920 | D:2      | Reached XP level 3. HP: 24/24 MP: 3/3
   955 | D:2      | Reached XP level 4. HP: 12/29 MP: 4/4
  1075 | D:2      | Reached skill level 3 in Maces & Flails
  1397 | D:2      | Reached XP level 5. HP: 4/33 MP: 5/5
  2108 | D:3      | Found a sacrificial altar of Ru.
  2257 | D:3      | Found a glowing golden altar of the Shining One.
  2626 | D:3      | Found a stormy altar of Qazlal.
  3043 | D:4      | You fall through a shaft!
  3043 | D:5      | Entered Level 5 of the Dungeon
  3106 | D:5      | Noticed a centaur
  3116 | D:5      | Killed a centaur
  3116 | D:5      | Reached skill level 4 in Maces & Flails
  3116 | D:5      | Reached skill level 1 in Dodging
  3116 | D:5      | Reached XP level 6. HP: 26/38 MP: 6/6
  3276 | D:4      | Noticed a hungry ghost
  3277 | D:4      | Found a transporter.
  3277 | D:4      | Noticed EnegeticOcto's ghost (amateur MiFi)
  3376 | D:4      | Found a transporter.
  3954 | D:5      | Reached XP level 7. HP: 39/43 MP: 7/7
  4094 | D:5      | Reached skill level 5 in Armour
  4147 | D:5      | Reached skill level 5 in Maces & Flails
  4488 | D:5      | Found a basalt altar of Yredelemnul.
  4578 | D:6      | Noticed Sigmund
  4871 | D:6      | Found a shimmering altar of Xom.
  4937 | D:6      | Killed Sigmund
  4937 | D:6      | Reached skill level 6 in Maces & Flails
  4937 | D:6      | Reached skill level 5 in Shields
  4937 | D:6      | Reached XP level 8. HP: 45/48 MP: 8/8
  5012 | D:6      | Found a shadowy altar of Dithmenos.
  5051 | D:6      | Noticed Pikel
  5062 | D:6      | Reached skill level 5 in Fighting
  5090 | D:6      | Killed Pikel
  5090 | D:6      | Reached skill level 7 in Maces & Flails
  5109 | D:6      | Noticed Menkaure
  5118 | D:6      | Killed Menkaure
  5126 | D:6      | You fall through a shaft for 3 floors!
  5142 | D:9      | Reached XP level 9. HP: 30/54 MP: 9/9
  5328 | D:8      | Noticed Harold
  5380 | D:9      | Reached skill level 8 in Maces & Flails
  5837 | D:9      | Noticed Maurice
  5840 | D:9      | Killed from afar by Maurice

Skill      XL: |  1  2  3  4  5  6  7  8  9 |
---------------+----------------------------+-----
Armour         | 4 5 6 |  6.0
Shields        | 4 5 6 |  6.3
Maces & Flails | 3 4 6 7 8 |  8.3
Fighting       | 4 5 6 |  6.0
Dodging        | 1 2 |  2.4
Stealth        | |  0.7
Evocations     | |  0.7

Action                   |  1- 3 |  4- 6 |  7- 9 || total
-------------------------+-------+-------+-------++-------
Melee: Flail             |    83 |   203 |   180 ||   466
Evoke: Wand              |       |       |     3 ||     3
  Use: Potion            |       |     3 |       ||     3
       Scroll            |       |     7 |     1 ||     8
  Eat: Chunk             |       |     8 |     4 ||    12
       Ration            |       |     1 |       ||     1
Armor: Scale mail        |    62 |   112 |    77 ||   251
Dodge: Dodged            |    23 |    70 |    62 ||   155
Block: Shield            |    42 |   120 |    96 ||   258
